 Dungeon Crawl Stone Soup version 0.31.0-11-ge490571c62 (webtiles) character file.

Game seed: 5395547071969018213

788 Bobbunny the Trooper (level 8, 0/67 HPs)
             Began as a Formicid Fighter on Feb 3, 2024.
             Slain by Menkaure (7 damage)
             ... on level 4 of the Dungeon.
             The game lasted 00:03:03 (3879 turns).

Bobbunny the Trooper (Formicid Fighter)             Turns: 3879, Time: 00:03:04

Health: 0/67       AC:  6    Str: 23    XL:     8   Next: 12%
Magic:  8/8        EV:  9    Int:  8    God:
Gold:   295        SH:  5    Dex: 13    Spells: 7/7 levels left

rFire   . . .        a - +0 war axe
rCold   . . .        c - +0 buckler
rNeg    . . .        b - +0 scale mail
rPois   .            (helmet unavailable)
rElec   .            (no cloak)
rCorr   .            (no gloves)
SInv    +            (no boots)
Will    .....        (no amulet) Stlth
                     (no ring)
HPRegen 0.31/turn    (no ring)
MPRegen 0.11/turn

%: no passive effects
@: no status effects
A: permanent stasis, dig shafts and tunnels, antennae 3, four strong arms
a: Dig, Shaft Self


You were on level 4 of the Dungeon.
You visited 1 branch of the dungeon, and saw 4 of its levels.
You also visited: Sewer.

You collected 295 gold pieces.

Inventory:

Hand Weapons
 a - a +0 war axe (weapon)
Missiles
 k - 5 boomerangs
 l - 11 poisoned darts
Armour
 b - a +0 scale mail (worn)
 c - a +0 buckler (worn)
Scrolls
 e - 2 scrolls of revelation {unknown}
 f - 6 scrolls of teleportation
 i - 3 scrolls of fog {unknown}
 j - a scroll of amnesia {unknown}
 n - a scroll of vulnerability {unknown}
 t - a scroll of summoning
Potions
 d - 2 potions of might
 g - a potion of attraction {unknown}
 h - 5 potions of curing
 m - a potion of invisibility {unknown}
 o - a potion of heal wounds {unknown}
 q - 2 potions of mutation
 r - 2 potions of berserk rage {unknown}
 s - a potion of haste {unknown}
 u - 2 potions of magic {unknown}


   Skills:
 + Level 7.4 Fighting
 + Level 6.2 Axes
 - Level 3.2 Armour
 - Level 4.0 Shields


You had 7 spell levels left.
You didn't know any spells.
Your spell library was empty.

Dungeon Overview and Level Annotations

Branches:
Dungeon (4/15)              Sewer (visited)
 Temple: D:4-7

Altars:
Elyvilon
Yredelemnul

Shops:
D:1 (

Annotations:
D:4 Menkaure


Innate Abilities, Weirdness & Mutations

You cannot be hasted, slowed, berserked, paralysed or teleported.
You can dig through walls and to a lower floor.
You have a pair of large antennae on your head. (SInv)
Your four strong arms can wield two-handed weapons with a shield.


Message History

Pain shoots through your body!
Menkaure is nearby!
Menkaure is nearby!
Found a robe.
Menkaure barely misses you.
You hit Menkaure.
Menkaure is lightly damaged.
Menkaure hits you but does no damage.
You hit Menkaure but do no damage.
Menkaure is lightly damaged.
Menkaure mumbles, "Let me perform the rites..."
Menkaure hits you.
You barely miss Menkaure.
Menkaure is lightly damaged.
Menkaure hits you.
You slash Menkaure!
Menkaure is heavily damaged.
You block Menkaure's attack.
You barely miss Menkaure.
Menkaure is heavily damaged.
Menkaure casts a spell.
Menkaure seems to speed up.
You closely miss Menkaure.
Menkaure is heavily damaged.
Menkaure calls on the powers of darkness!
Your body is wracked with pain!
You hit Menkaure.
Menkaure is heavily damaged.
Menkaure barely misses you. You block Menkaure's attack.
You completely miss Menkaure.
Menkaure is heavily damaged.
Menkaure hits you!
You hit Menkaure but do no damage.
Menkaure is heavily damaged.
Menkaure hits you!
* * * LOW HITPOINT WARNING * * *
Menkaure closely misses you.
You slash Menkaure!
Menkaure is almost destroyed.
Menkaure hits you!
You die...

#####.#..#
#.#..#
##.#..#
#.####.....#
#..........#
######....##
##.#.#
#########.#.#
[.....M@..#.#
###########.#


You could see Menkaure (fast).

Vanquished Creatures
  Sigmund (D:2)
  2 bullfrogs (Sewer)
  A bombardier beetle (D:4)
  An orc priest (D:4)
  Jessica (D:3)
  Natasha (thrice) (D:3)
  2 orc wizards
  Robin (D:3)
  A gnoll (D:1)
  11 adders
  4 river rats (Sewer)
  4 ribbon worms
  A dart slug (D:3)
  4 orcs
  4 endoplasms
  2 giant cockroaches
  15 goblins
  9 hobgoblins
  4 jackals (D:4)
  4 kobolds
  A quokka (D:3)
  23 ball pythons
  4 bats
  4 frilled lizards
  28 rats
135 creatures vanquished.

Notes
Turn   | Place    | Note
-------+----------+-------------------------------------------
     0 | D:1      | Bobbunny the Formicid Fighter began the quest for the Orb.
     0 | D:1      | Reached XP level 1. HP: 18/18 MP: 1/1
    36 | D:1      | Reached XP level 2. HP: 14/25 MP: 2/2
    86 | D:1      | Found a faded altar of an unknown god.
   207 | D:1      | Reached XP level 3. HP: 30/30 MP: 3/3
   471 | D:1      | Found Rusut's Weapon Shoppe.
   582 | D:1      | Reached skill level 4 in Fighting
  1004 | D:2      | Found a basalt altar of Yredelemnul.
  1095 | D:2      | Noticed Sigmund
  1107 | D:2      | Killed Sigmund
  1108 | D:2      | Reached skill level 5 in Fighting
  1108 | D:2      | Reached XP level 4. HP: 11/39 MP: 4/4
  1108 | D:2      | Reached XP level 5. HP: 12/44 MP: 5/5
  1108 | D:2      | Reached XP level 6. HP: 14/51 MP: 6/6
  2193 | D:3      | Noticed Jessica
  2197 | D:3      | Killed Jessica
  2322 | D:3      | Noticed Natasha
  2336 | D:3      | Killed Natasha
  2340 | D:3      | Reached skill level 6 in Fighting
  2452 | D:3      | Noticed Natasha
  2458 | D:3      | Killed Natasha
  2459 | D:3      | Reached skill level 5 in Axes
  2486 | D:3      | Reached XP level 7. HP: 52/58 MP: 7/7
  2530 | D:3      | Noticed Robin
  2534 | D:3      | Found a white marble altar of Elyvilon.
  2551 | D:3      | Killed Robin
  2642 | D:3      | Found a glowing drain.
  2646 | Sewer    | Entered a sewer
  3156 | Sewer    | Reached skill level 7 in Fighting
  3394 | D:3      | Noticed Natasha
  3400 | D:3      | Killed Natasha
  3668 | D:4      | Reached XP level 8. HP: 60/67 MP: 8/8
  3867 | D:4      | Noticed Menkaure
  3879 | D:4      | Slain by Menkaure

Illustrated notes

Levels and vault maps discovered:
D:1:      amcnicky_arrival_gap_in_the_tavern_cellar, layout_basic, serial_shops,
          nicolae_shop_stone, dreamdust_ecumenical_altar_grove
D:2:      layout_basic, basic_altar, minmay_tetromino_t4, uniq_sigmund
D:3:      layout_basic, amcnicky_altar_gilded,
          mainiacjoe_sewer_entry_somewhere_in_here_2, grunt_decor_mini_mirrors,
          uniq_natasha, uniq_robin, uniq_jessica
D:4:      layout_loops_ring, uniq_menkaure

Skill      XL: |  1  2  3  4  5  6  7 |
---------------+----------------------+-----
Fighting       | 5 6 7 |  7.4
Axes           | 4 5 6 |  6.2
Armour         | |  3.2
Shields        | |  4.0

Action                     |  1- 3 |  4- 6 |  7- 9 || total
---------------------------+-------+-------+-------++-------
  Melee: War axe           |    72 |    91 |   200 ||   363
    Use: Scroll            |       |       |     4 ||     4
 Armour: Scale mail        |    40 |    72 |   202 ||   314
  Dodge: Dodged            |    34 |    45 |   114 ||   193
  Block: Buckler           |    20 |    31 |    83 ||   134
